 Dungeon Crawl Stone Soup version 0.25-a0-413-g3b4b6a4ccc (webtiles) character file.

Game seed: 14092881333068301549, levelgen mode: deterministic

514 MrRokkomies the Ducker (level 7, -2/35 HPs)
             Began as a Spriggan Abyssal Knight on Jan 17, 2020.
             Was a Priest of Lugonu.
             Slain by a phantom (6 damage)
             ... on level 4 of the Dungeon.
             The game lasted 00:09:57 (5175 turns).

MrRokkomies the Ducker (Spriggan Abyssal Knight)    Turns: 5175, Time: 00:09:58

Health: -2/35      AC:  3    Str: 10    XL:     7   Next: 0%
Magic:  11/11      EV: 20    Int: 14    God:    Lugonu [***...]
Gold:   260        SH:  0    Dex: 15    Spells: 5/6 levels left

rFire    . . .     SeeInvis +   r - +3 mace
rCold    . . .     Gourm    +   (shield restricted)
rNeg     . . .     Faith    .   b - +0 robe
rPois    .         Spirit   .   (helmet restricted)
rElec    .         Reflect  .   g - +0 cloak
rCorr    .         Harm     .   (gloves unavailable)
MR       +....                  (boots unavailable)
Stlth    ++........             l - amulet of the gourmand
HPRegen  0.11/turn              (no ring)
MPRegen  0.12/turn              (no ring)

@: very quick
A: very small, unfitting armour, see invisible, herbivore, speed 3, slow
metabolism 2
a: Depart the Abyss, Bend Space, Banish, Renounce Religion


You were on level 4 of the Dungeon.
You worshipped Lugonu.
Lugonu was most pleased with you.
You were hungry.

You visited 1 branch of the dungeon, and saw 4 of its levels.
You visited the Abyss 1 time.

You collected 260 gold pieces.

Inventory:

Hand Weapons
 a - a +0 dagger of venom
 r - a +3 mace (weapon)
Missiles
 h - 9 poisoned darts (quivered)
Armour
 b - a +0 robe (worn)
 g - a +0 cloak (worn)
Jewellery
 l - an amulet of the gourmand (around neck)
Scrolls
 d - 2 scrolls of remove curse
 f - a scroll of teleportation
 i - 2 scrolls of noise {unknown}
 o - a scroll of enchant armour {unknown}
 p - a scroll of identify
 q - a scroll of fog
Potions
 e - a potion of degeneration {unknown}
 j - a potion of brilliance
 k - 3 potions of agility
 m - a potion of flight {unknown}
 n - a potion of curing {unknown}
Comestibles
 c - 9 rations


   Skills:
 - Level 2.4 Fighting
 * Level 5.0 Short Blades
 + Level 5.3 Dodging
 - Level 2.6 Stealth
 + Level 2.2 Transmutations
 + Level 1.7 Poison Magic
 * Level 4.3 Invocations


You had 5 spell levels left.
You knew the following spells:

 Your Spells              Type           Power        Failure   Level  Hunger
a - Sting                 Tmut/Pois      #...         13%         1    ##.....

Your spell library contained the following spells:

 Spells                   Type           Power        Failure   Level  Hunger
 Beastly Appendage        Tmut           #.....       12%         1    ##.....
 Infusion                 Chrm           #...         28%         1    ##.....
 Shroud of Golubria       Chrm/Tloc      #.....       41%         2    ###....
 Spectral Weapon          Hex/Chrm       #.......     65%         3    ####...
 Eringya's Noxious Bog    Tmut/Pois      #.........   100%        6    #######
 Statue Form              Tmut/Erth      #........    100%        6    #######


Dungeon Overview and Level Annotations

Branches:
Dungeon (4/15)
 Temple: D:4-7

Altars:
Dithmenos
Hepliaklqana

Annotations:
D:3 Grinder


Innate Abilities, Weirdness & Mutations

You are very small and have problems with some larger weapons.
You are too small for most types of armour.
You have supernaturally acute eyesight. (SInv)
You are a herbivore.
You cover ground extremely quickly.
You need to consume almost no food.


Message History

The phantom hits you but does no damage.
The phantom misses you.
You closely miss the phantom.
The phantom is moderately damaged.
The phantom barely misses you.
You closely miss the phantom.
The phantom is moderately damaged.
The phantom closely misses you. x2
You sock the phantom!
The phantom is heavily damaged.
The phantom hits you!
* * * LOW HITPOINT WARNING * * *
You thump the phantom!
The phantom is severely damaged.
The phantom hits you.
* * * LOW HITPOINT WARNING * * *
You thump the phantom!
The phantom is almost destroyed.
The phantom hits you.
You die...

#......#....#
##.#
##.....#....#
..
#...###....#
..
##....#....#
#.##.#....#
#.##.#....#
..........#
.#.#.#.#W.#
...#.#@.# ...
#.#..# ##
#.#..# ).#..#
###..# #..#
#..# #..#


You could see a phantom.

Vanquished Creatures
  An ogre (D:4)
  2 crimson imps
  2 orc priests (D:3)
  A hound (D:4)
  An orc wizard (D:3)
  Robin (D:3)
  8 adders
  An adder skeleton (D:3)
  3 worms
  7 dart slugs
  3 leopard geckos
  12 orcs
  A ball python (D:4)
  3 giant cockroaches
  13 goblins
  11 hobgoblins
  23 jackals
  2 quokkas
  9 bats
  3 frilled lizards
  8 kobolds
  10 rats
125 creatures vanquished.

Notes
Turn   | Place    | Note
-------+----------+-------------------------------------------
     0 | Abyss:1  | MrRokkomies the Spriggan Abyssal Knight began the quest for
                  | the Orb.
     0 | Abyss:1  | Reached XP level 1. HP: 11/11 MP: 3/3
    37 | Abyss:2  | Noticed a water elemental
    37 | Abyss:2  | Noticed a fire elemental
    52 | Abyss:2  | Noticed an ancient zyme
    52 | Abyss:2  | Noticed a ghoul
    52 | Abyss:2  | Noticed a large abomination
    52 | Abyss:2  | Noticed a ghoul
    53 | Abyss:2  | Noticed a death ooze
    55 | Abyss:2  | Noticed a shadow demon
    55 | Abyss:2  | Noticed a shadow demon
    56 | Abyss:2  | Noticed a hellwing
    56 | Abyss:2  | Noticed an ice devil
    56 | Abyss:2  | Identified Miut's Compendium of Assistive Transmutation
    56 | Abyss:2  | Noticed a slime creature
    58 | Abyss:2  | Noticed a slime creature
    59 | Abyss:2  | Noticed a slime creature
    59 | Abyss:2  | Noticed a slime creature
    60 | Abyss:2  | Noticed a slime creature
    60 | Abyss:2  | Noticed a slime creature
    60 | Abyss:2  | Noticed a starcursed mass
    60 | Abyss:2  | Noticed a slime creature
    60 | Abyss:2  | Noticed a slime creature
    60 | Abyss:2  | Noticed a slime creature
    61 | Abyss:2  | Noticed a soul eater
    61 | Abyss:2  | Noticed a slime creature
    63 | Abyss:2  | Noticed a neqoxec
    64 | Abyss:2  | Noticed a hellwing
    65 | Abyss:2  | Noticed an ancient zyme
    66 | Abyss:2  | Noticed a crimson imp
    69 | Abyss:2  | Noticed a starcursed mass
    72 | D:1      | Escaped the Abyss
   540 | D:1      | Reached * piety under Lugonu
   545 | D:1      | Reached XP level 2. HP: 15/16 MP: 4/4
   554 | D:1      | Reached skill level 1 in Stealth
  1270 | D:2      | Reached XP level 3. HP: 19/19 MP: 5/5
  1433 | D:2      | Found a shadowy altar of Dithmenos.
  1471 | D:2      | Reached ** piety under Lugonu
  1572 | D:2      | Reached XP level 4. HP: 23/23 MP: 7/7
  1774 | D:2      | HP: 1/23 [worm (7)]
  2760 | D:2      | Reached XP level 5. HP: 27/27 MP: 8/8
  2782 | D:2      | Found a hazy altar of Hepliaklqana.
  2823 | D:2      | Learned a level 1 spell: Sting
  3387 | D:3      | Identified the +1 helmet of Awkud {rPois rN+ Str-3 Dex+4}
  3387 | D:3      | Noticed Robin
  3487 | D:3      | Reached *** piety under Lugonu
  3551 | D:3      | Killed Robin
  3695 | D:3      | Reached skill level 1 in Transmutations
  3729 | D:3      | Reached skill level 1 in Poison Magic
  3931 | D:3      | Reached XP level 6. HP: 32/32 MP: 9/9
  4542 | D:3      | Noticed Grinder
  4590 | D:2      | Reached skill level 5 in Dodging
  5016 | D:4      | Reached skill level 5 in Short Blades
  5157 | D:4      | Reached XP level 7. HP: 29/35 MP: 11/11
  5175 | D:4      | Slain by a phantom

Levels and vault maps discovered:
D:1:      dpeg_arrival_prison, layout_loops_ring
D:2:      minmay_thinvault, layout_rooms, grunt_dithmenos_smoke,
          marbit_many_paths
D:3:      layout_basic, first_ration, uniq_robin, uniq_grinder
D:4:      cheibrodos_barr_body, layout_basic

Skill      XL: |  1  2  3  4  5  6 |
---------------+-------------------+-----
Invocations    | 2 3 4 |  4.3
Stealth        | 1 2 |  2.6
Short Blades   | 3 4 5 |  5.0
Dodging        | 4 5 |  5.3
Transmutations | 1 2 |  2.2
Poison Magic   | 1 |  1.7
Fighting       | |  2.4

Action                   |  1- 3 |  4- 6 |  7- 9 || total
-------------------------+-------+-------+-------++-------
Melee: Short sword       |   152 |   206 |       ||   358
       Dagger            |       |   162 |     5 ||   167
       Mace              |       |       |     6 ||     6
Throw: Dart              |     5 |    53 |       ||    58
Invok: Depart the Abyss  |     1 |       |       ||     1
  Use: Scroll            |       |     6 |       ||     6
       Potion            |       |     1 |       ||     1
 Stab: Sleeping          |     3 |     3 |       ||     6
  Eat: Ration            |       |     1 |       ||     1
Armor: Robe              |    26 |    43 |     1 ||    70
Dodge: Dodged            |   173 |   313 |     6 ||   492

Table legend:
 A = Non-vault XP
 B = Vault XP
 C = Vault XP percentage of total XP
 D = Non-vault monster count
 E = Vault monster count
 F = Vault count percentage of total count
                 A         B        C        D         E       F
            +---------+---------+-------+---------+---------+-------
      Total |     618 |     117 |  15.9 |      95 |      30 |  24.0
            +---------+---------+-------+---------+---------+-------
        D:1 |      38 |       2 |   5.0 |      23 |       1 |   4.2
        D:2 |     127 |      79 |  38.3 |      27 |      17 |  38.6
        D:3 |     206 |      36 |  14.9 |      31 |      12 |  27.9
        D:4 |     247 |       0 |   0.0 |      14 |       0 |   0.0
            +---------+---------+-------+---------+---------+-------
